 Dungeon Crawl Stone Soup version bcrawl-1.18 (webtiles) character file.

Game seed: 3947463782922057282

197 Mrkan the Cudgeler (level 5, -1/57 HPs)
             Began as an Ogre Reaver on Nov 1, 2019.
             Was a Follower of Vehumet.
             Killed by divine providence
             ... invoked by an orc priest
              (12 damage)
             ... on level 3 of the Dungeon.
             The game lasted 00:04:10 (2395 turns).

Mrkan the Cudgeler (Ogre Reaver)                    Turns: 2395, Time: 00:04:11

Health: -1/57      AC:  8    Str: 16    XL:     5   Next: 75%
Magic:  10/10      EV: 10    Int: 15    God:    Vehumet [*.....]
Gold:   220        SH:  0    Dex:  7    Spells: 10/11 levels left

rFire    . . .     SeeInvis .   a - +0 flail
rCold    . . .     Gourm    .   (no shield)
rNeg     . . .     Faith    .   b - +0 steam dragon scales
rPois    +         Spirit   .   (helmet restricted)
rElec    .         Reflect  .   p - +1 cloak {rPois}
rCorr    .         Harm     .   (gloves unavailable)
MR       .....                  (boots unavailable)
Stlth    +.........             (no amulet)
HPRegen  0.19/turn              (no ring)
MPRegen  0.12/turn              (no ring)

@: lethally poisoned (-1 -> -1)
A: large, unfitting armour, tough skin 1
a: Renounce Religion


You were on level 3 of the Dungeon.
You worshipped Vehumet.
Vehumet was aware of your devotion.
You were hungry.

You visited 1 branch of the dungeon, and saw 3 of its levels.

You collected 220 gold pieces.

Inventory:

Hand Weapons
 a - a +0 flail (weapon)
Armour
 b - +0 steam dragon scales (worn)
 p - a +1 cloak of poison resistance (worn)
Jewellery
 g - a +2 ring of strength {unknown}
 n - an uncursed ring of protection from cold {unknown}
Scrolls
 d - 2 scrolls of immolation
 j - 4 scrolls of identify {unknown}
 k - a scroll of enchant weapon {unknown}
 m - a scroll of remove curse {unknown}
 o - 3 scrolls of amnesia {unknown}
Potions
 c - 2 potions of haste
 e - 2 potions of curing {unknown}
 h - a potion of agility {unknown}
 i - a potion of mutation {unknown}
 q - a potion of degeneration {unknown}
Comestibles
 f - 6 rations {!d}


   Skills:
 + Level 5.3 Fighting
 * Level 5.9 Maces & Flails
 - Level 2.6 Dodging
 + Level 3.8 Spellcasting


You had 10 spell levels left.
You knew the following spells:

 Your Spells              Type           Power        Failure   Level  Hunger
a - Freeze                Ice            #.....       5%          1    None

Your spell library contained the following spells:

 Spells                   Type           Power        Failure   Level  Hunger
 Iskenderun's Battlesphe  Conj/Chrm      #.......     75%         5    ######.


Dungeon Overview and Level Annotations

Branches:
Dungeon (3/12)

Altars:
Hepliaklqana
Xom


Innate Abilities, Weirdness & Mutations

You are too large for most types of armour.
You have tough skin. (AC +1)


Message History

* * * LOW HITPOINT WARNING * * *
You feel sick.
The orc priest hits you but does no damage.
Things that are here:
a +0 trident; a +0 leather armour; an orc corpse You barely miss the orc priest.
The orc priest closely misses you.
You hit the orc priest but do no damage.
The orc priest barely misses you.
You sock the orc priest!
The orc priest is severely wounded.
The orc priest hits you.
* * * LOW HITPOINT WARNING * * *
You closely miss the orc priest.
The orc priest is severely wounded.
You feel sick. The orc priest barely misses you.
You closely miss the orc priest.
The orc priest is severely wounded.
The orc priest mumbles some strange prayers to Beogh against you.
Beogh smites you!
You die...

####.#.####.###.....#
#.#..............#
..#####........... ####
#.#.#....... ###
#.#......... # ..#
#........... # #. #.#
#..##..##... #.# .## #o#
#......##... #.. .. #@#
#...#....... #..#( #)#
#...# ###### ##...##.#
#...# # #.......# #...# #
#..####.######...########
####.(.>............##
#...................##
#.##................#
......######...#####.#


You could see an orc priest.

Vanquished Creatures
  A scorpion (D:3)
  A hound (D:3)
  Crazy Yiuf (D:2)
  2 adders (D:3)
  2 oozes
  4 dart slugs
  3 leopard geckos
  3 orcs (D:3)
  A giant cockroach (D:1)
  5 goblins
  6 hobgoblins
  3 jackals (D:3)
  4 kobolds
  3 quokkas
  A ball python (D:2)
  4 bats
  3 rats
47 creatures vanquished.

Notes
Turn   | Place    | Note
-------+----------+-------------------------------------------
     0 | D:1      | Mrkan the Ogre Reaver began the quest for the Orb.
     0 | D:1      | Reached XP level 1. HP: 24/24 MP: 3/3
   143 | D:1      | Reached XP level 2. HP: 18/32 MP: 5/5
  1097 | D:2      | Reached XP level 3. HP: 39/40 MP: 7/7
  1696 | D:2      | Found a hazy altar of Hepliaklqana.
  1697 | D:2      | Found a shimmering altar of Xom.
  1698 | D:2      | Noticed a spectral ugly thing
  1731 | D:2      | Found a runed door.
  1735 | D:2      | Noticed Crazy Yiuf
  1744 | D:2      | Killed Crazy Yiuf
  1744 | D:2      | Reached * piety under Vehumet
  1744 | D:2      | Offered knowledge of Freeze by Vehumet.
  1744 | D:2      | Reached skill level 5 in Maces & Flails
  1744 | D:2      | Reached XP level 4. HP: 49/49 MP: 8/8
  1790 | D:2      | Learned a level 1 spell: Freeze
  2128 | D:3      | Reached skill level 5 in Fighting
  2128 | D:3      | Reached XP level 5. HP: 44/57 MP: 10/10
  2395 | D:3      | Killed from afar by an orc priest

Skill      XL: |  1  2  3  4 |
---------------+-------------+-----
Maces & Flails | 4 5 |  5.9
Spellcasting   | 3 |  3.8
Fighting       | 5 |  5.3
Dodging        | |  2.6

Action                   |  1- 3 |  4- 6 || total
-------------------------+-------+-------++-------
Melee: Flail             |    88 |    82 ||   170
 Cast: Freeze            |       |     1 ||     1
  Eat: Chunk             |     3 |     1 ||     4
Armor: Steam dragon scal |    39 |    33 ||    72
Dodge: Dodged            |    48 |    48 ||    96
